 Dungeon Crawl Stone Soup version 0.22.0-5-gf09313c (webtiles) character file.

75 Gravenous the Grave Robber (level 4, -11/37 HPs)
             Began as a Hill Orc Necromancer on Aug 13, 2018.
             Killed by divine providence
             ... invoked by an orc priest
              (14 damage)
             ... on level 3 of the Dungeon.
             The game lasted 00:04:07 (2716 turns).

Gravenous the Grave Robber (Hill Orc Necromancer)   Turns: 2716, Time: 00:04:08

Health: -11/37     AC:  7    Str: 11    XL:     4   Next: 31%
Magic:  4/6        EV:  9    Int: 20    God:
Gold:   88         SH:  0    Dex: 11    Spells: 5/6 levels left

rFire    . . .     SeeInvis .   g - +1 hand axe
rCold    . . .     Gourm    .   (no shield)
rNeg     . . .     Faith    .   p - +0 scale mail
rPois    .         Spirit   .   (no helmet)
rElec    .         Reflect  .   (no cloak)
rCorr    .         Harm     .   (no gloves)
MR       .....                  k - +0 pair of boots
Stlth    ..........             (no amulet)
HPRegen  0.12/turn              (no ring)
MPRegen  0.10/turn              (no ring)

@: brilliant, very slightly contaminated
A: no striking features
a: Convert to Beogh


You were on level 3 of the Dungeon.
You were not hungry.

You visited 1 branch of the dungeon, and saw 3 of its levels.

You collected 88 gold pieces.

Inventory:

Hand Weapons
 g - a +1 hand axe (weapon)
Armour
 k - a +0 pair of boots (worn)
 p - a +0 scale mail (worn)
Scrolls
 a - a scroll of immolation {unknown}
 b - 2 scrolls of remove curse
 f - a scroll of fog
Potions
 d - 2 potions of brilliance
 l - a potion of berserk rage {unknown}
 n - a potion of mutation {unknown}
Comestibles
 c - 6 rations


   Skills:
 + Level 2.5 Fighting
 * Level 2.5 Axes
 + Level 2.3 Armour
 - Level 1.5 Dodging
 - Level 1.5 Stealth
 - Level 1.5 Spellcasting
 - Level 4.0 Necromancy


You had 5 spell levels left.
You knew the following spells:

 Your Spells              Type           Power        Failure   Level  Hunger
a - Pain                  Necr           ####         2%          1    #......

Your spell library contained the following spells:

 Spells                   Type           Power        Failure   Level  Hunger
 Animate Dead             Necr           N/A          19%         4    #####..
 Animate Skeleton         Necr           N/A          2%          1    #......
 Vampiric Draining        Necr           ####......   7%          3    ###....
 Regeneration             Chrm/Necr      ###.......   13%         3    ###....


Dungeon Overview and Level Annotations

Branches:
Dungeon (3/15)

Altars:
Okawaru


Message History

Pain shoots through your body.
The orc priest shouts, "Surrender to Beogh and we'll let you live!"
The orc priest hits you.
* * * LOW HITPOINT WARNING * * *
Casting: Pain (safe; 26% risk of failure)
Confirm with . or Enter, or press ? or * to list all spells.
Aiming: Pain (safe; 26% risk of failure)
Press: ? - help, Shift-Dir - straight line, f/p - orc priest
Aim: an orc priest (chance to defeat MR: 70%)
The orc priest struggles to resist.
The orc priest shouts, "Join the one true god or die!"
The orc priest hits you but does no damage.
Casting: Pain (safe; 26% risk of failure)
Confirm with . or Enter, or press ? or * to list all spells.
Okay, then.
It was a potion of brilliance.
You feel clever all of a sudden.
The orc priest invokes the aid of Beogh against you.
Beogh smites you!
You die...

#...#
.##.#.#
#...#
o# #
#.o.#
.#
#...#
o#
#...#
..
#...#
##
##.###
#[#ob#
##@#.#
###.# #


You could see an orc priest and a bat.

Vanquished Creatures
  An adder (D:2)
  2 oozes (D:1)
  2 dart slugs (D:1)
  2 leopard geckos (D:1)
  2 orcs (D:3)
  A ball python (D:1)
  3 giant cockroaches
  3 goblins
  6 hobgoblins
  6 jackals (D:2)
  8 kobolds
  A bat (D:2)
  3 frilled lizards
  6 rats
46 creatures vanquished.

Notes
Turn   | Place    | Note
-------+----------+-------------------------------------------
     0 | D:1      | Gravenous the Hill Orc Necromancer began the quest for the Orb.
     0 | D:1      | Reached XP level 1. HP: 14/14 MP: 3/3
    89 | D:1      | Reached skill level 1 in Fighting
    89 | D:1      | Reached skill level 1 in Armour
   147 | D:1      | Reached XP level 2. HP: 4/23 MP: 4/4
   943 | D:1      | Reached XP level 3. HP: 25/29 MP: 5/5
   965 | D:1      | Reached skill level 1 in Axes
  2227 | D:2      | Found an iron altar of Okawaru.
  2256 | D:2      | Reached XP level 4. HP: 20/37 MP: 3/6
  2716 | D:3      | Killed from afar by an orc priest

Skill      XL: |  1  2  3 |
---------------+----------+-----
Fighting       | 1 2 |  2.5
Armour         | 1 2 |  2.3
Axes           | 2 |  2.5
Dodging        | |  1.5
Stealth        | |  1.5
Spellcasting   | |  1.5
Necromancy     | |  4.0

Action                   |  1- 3 |  4- 6 || total
-------------------------+-------+-------++-------
Melee: Hand axe          |   143 |    28 ||   171
       Unarmed           |     5 |       ||     5
 Cast: Pain              |    10 |     2 ||    12
  Use: Scroll            |       |     7 ||     7
       Potion            |       |     1 ||     1
  Eat: Chunk             |     5 |     1 ||     6
Armor: Robe              |    35 |     4 ||    39
       Scale mail        |       |    15 ||    15
Dodge: Dodged            |   127 |    25 ||   152
